APL (24 & UNDER)
SCOTTSDALE SCORPIONS @ NANTUCKET ORCAS
06/14/2030
 
TOP OF THE 1ST
Scottsdale Scorpions batting - Pitching for Nantucket Orcas : RHP John Arnold
Pitching: RHP John Arnold
Batting: LHB Ernesto Hernández 0-0: Foul Ball, location: 2F
0-1: Ball
1-1: Foul Ball, location: 2F
1-2: Foul Ball, location: 2F
1-2: SOLO HOME RUN (Flyball, 9LD), Distance : 350 ft
Batting: RHB José Martínez 0-0: DOUBLE (Line Drive, 78D)
Batting: LHB Shawn Brown 0-0: Ball
1-0: Called Strike
1-1: Ball
2-1: Called Strike
2-2: Ground out 4-3 (Groundball, 4)
José Martínez to third
Batting: LHB Tony Ayala 0-0: Ball
1-0: Foul Ball, location: 2F
1-1: Ball
2-1: Foul Ball, location: 2F
2-2: Foul Ball, location: 2F
2-2: Ground out 4-3 (Groundball, 4)
José Martínez scores
Batting: RHB Steve Boyer 0-0: Called Strike
0-1: Called Strike
0-2: SINGLE (Line Drive, 6MD)
Batting: RHB Phil Rowlett 0-0: Called Strike
0-1: Ball
1-1: Fielders Choice at 2nd, 6-4 (Groundball, 6)
Top of the 1st over - 2 runs, 3 hits, 0 errors, 1 left on base; Scottsdale 2 - Nantucket 0
BOTTOM OF THE 1ST
Nantucket Orcas batting - Pitching for Scottsdale Scorpions : RHP Miguel Yan
Pitching: RHP Miguel Yan
Batting: RHB Charlie Pérez 0-0: Ball
1-0: DOUBLE (Line Drive, 7LD)
Batting: RHB Demetrio Inrouville 0-0: Swinging Strike
0-1: Foul Ball, location: 2F
0-2: Strikes out swinging
Batting: LHB Eugene Lee 0-0: Called Strike
0-1: Foul Ball, location: 2F
0-2: Strikes out looking
Batting: RHB Fernando Álvarez 0-0: Foul Ball, location: 2F
0-1: Ball
1-1: TRIPLE (Flyball, 8LXD)
Charlie Pérez scores
Batting: RHB Matt Dundee 0-0: Ball
1-0: Foul Ball, location: 2F
1-1: Ball
2-1: Ball
3-1: Fly out, F7 (Flyball, 7S)
Bottom of the 1st over - 1 run, 2 hits, 0 errors, 1 left on base; Scottsdale 2 - Nantucket 1
TOP OF THE 2ND
Scottsdale Scorpions batting - Pitching for Nantucket Orcas : RHP John Arnold
Batting: RHB Rob Johnston 0-0: Ball
1-0: Called Strike
1-1: Foul Ball, location: 2F
1-2: Strikes out swinging
Batting: LHB Ángel De Jesús 0-0: Ball
1-0: SINGLE (Line Drive, 7S)
Batting: RHB Robinson Fernández 0-0: Foul Ball, location: 2F
0-1: Foul Ball, location: 2F
0-2: Strikes out swinging
Batting: LHB Ernesto Hernández 0-0: Ball
1-0: SINGLE (Groundball, 34) (infield hit)
Ángel De Jesús to second
Batting: RHB José Martínez 0-0: Ball
1-0: Called Strike
1-1: Swinging Strike
1-2: Fly out, F8 (Flyball, 8LS)
Top of the 2nd over - 0 runs, 2 hits, 0 errors, 2 left on base; Scottsdale 2 - Nantucket 1
BOTTOM OF THE 2ND
Nantucket Orcas batting - Pitching for Scottsdale Scorpions : RHP Miguel Yan
Batting: LHB Alfonso Vélez 0-0: Called Strike
0-1: Called Strike
0-2: SINGLE (Groundball, 56) (infield hit)
Pinch Runner at 1st Juan Gómez:
Batting: RHB Paul Bell 0-0: Ball
1-0: Ball
2-0: Ground out U3 (Groundball, 34S)
Juan Gómez to second
Batting: RHB Curt O'Brian 0-0: Called Strike
0-1: Foul Ball, location: 2F
0-2: Foul Ball, location: 2F
0-2: Ball
1-2: Reached on error, E5 (Groundball, 5)
Juan Gómez to third
Batting: RHB Norberto Navarro 0-0: Ball
1-0: Fielders Choice at 2nd, 3-6 (Groundball, 3)
Juan Gómez scores
Batting: RHB Charlie Pérez 0-0: Ball
1-0: Ball
2-0: Ground out 6-3 (Groundball, 6M)
Bottom of the 2nd over - 1 run, 1 hit, 1 error, 1 left on base; Scottsdale 2 - Nantucket 2
TOP OF THE 3RD
Scottsdale Scorpions batting - Pitching for Nantucket Orcas : RHP John Arnold
Now at 1B: Juan Gómez
Batting: LHB Shawn Brown 0-0: Called Strike
0-1: Called Strike
0-2: DOUBLE (Line Drive, 9LM)
Batting: LHB Tony Ayala 0-0: 2-RUN HOME RUN (Flyball, 9D), Distance : 386 ft
Batting: RHB Steve Boyer 0-0: Swinging Strike
0-1: Ball
1-1: Fly out, F9 (Flyball, 9LS)
Batting: RHB Phil Rowlett 0-0: Ball
1-0: Ball
2-0: Called Strike
2-1: Ball
3-1: SINGLE (Groundball, 34D)
Batting: RHB Rob Johnston 0-0: Ball
1-0: Foul Ball, location: 2F
1-1: Ball
2-1: Foul Ball, location: 2F
2-2: Foul Ball, location: 2F
2-2: Foul Ball, location: 2F
2-2: Strikes out looking
Batting: LHB Ángel De Jesús 0-0: Foul Ball, location: 2F
0-1: Ball
1-1: Fly out, F9 (Line Drive, 9)
Top of the 3rd over - 2 runs, 3 hits, 0 errors, 1 left on base; Scottsdale 4 - Nantucket 2
BOTTOM OF THE 3RD
Nantucket Orcas batting - Pitching for Scottsdale Scorpions : RHP Miguel Yan
Batting: RHB Demetrio Inrouville 0-0: Ball
1-0: Ball
2-0: Called Strike
2-1: Ball
3-1: Base on Balls
Batting: LHB Eugene Lee 0-0: Single, Error in OF, E8, batter to second base
Demetrio Inrouville to third
Batting: RHB Fernando Álvarez 0-0: Ball
1-0: Foul Ball, location: 2F
1-1: Ball
2-1: Ball
3-1: DOUBLE (Line Drive, 78D)
Demetrio Inrouville scores
Eugene Lee scores
Batting: RHB Matt Dundee 0-0: Swinging Strike
0-1: Called Strike
0-2: Strikes out looking
Batting: RHB Juan Gómez 0-0: Ball
1-0: Ball
2-0: Ball
3-0: Called Strike
3-1: Base on Balls
Batting: RHB Paul Bell 0-0: Called Strike
0-1: SINGLE (Flyball, 9S)
Fernando Álvarez to third
Juan Gómez to second
Batting: RHB Curt O'Brian 0-0: Ball
Wild Pitch!
Fernando Álvarez scores
Juan Gómez to third
Paul Bell to second
1-0: 3-RUN HOME RUN (Flyball, 89D), Distance : 392 ft
Batting: RHB Norberto Navarro 0-0: Ball
1-0: SINGLE (Line Drive, 56D)
Pitching: RHP José Alvarado
Batting: RHB Charlie Pérez 0-0: Ball
1-0: Swinging Strike
1-1: Swinging Strike
1-2: Grounds into double play, 5-4-3 (Groundball, 56)
Bottom of the 3rd over - 6 runs, 5 hits, 1 error, 0 left on base; Scottsdale 4 - Nantucket 8
TOP OF THE 4TH
Scottsdale Scorpions batting - Pitching for Nantucket Orcas : RHP John Arnold
Batting: RHB Robinson Fernández 0-0: Ball
1-0: Fly out, F8 (Line Drive, 8LM)
Batting: LHB Ernesto Hernández 0-0: Called Strike
0-1: Ground out 4-3 (Groundball, 4)
Batting: RHB José Martínez 0-0: Called Strike
0-1: Called Strike
0-2: Foul Ball, location: 2F
0-2: Foul Ball, location: 2F
0-2: Strikes out swinging
Top of the 4th over - 0 runs, 0 hits, 0 errors, 0 left on base; Scottsdale 4 - Nantucket 8
BOTTOM OF THE 4TH
Nantucket Orcas batting - Pitching for Scottsdale Scorpions : RHP José Alvarado
Batting: RHB Demetrio Inrouville 0-0: Ball
1-0: Called Strike
1-1: Reached on error, E5 (Groundball, 56)
Batting: LHB Eugene Lee 0-0: Ball
1-0: Ball
2-0: Called Strike
2-1: Ball
3-1: Foul Ball, location: 2F
3-2: Foul Ball, location: 2F
3-2: Grounds into double play, 6-4-3 (Groundball, 6)
Batting: RHB Fernando Álvarez 0-0: Called Strike
0-1: Ball
1-1: Called Strike
1-2: Strikes out looking
Bottom of the 4th over - 0 runs, 0 hits, 1 error, 0 left on base; Scottsdale 4 - Nantucket 8
TOP OF THE 5TH
Scottsdale Scorpions batting - Pitching for Nantucket Orcas : RHP John Arnold
Batting: LHB Shawn Brown 0-0: Foul Ball, location: 2F
0-1: Foul Ball, location: 2F
0-2: SOLO HOME RUN (Line Drive, 9D), Distance : 392 ft
Pitching: LHP Luis Rincón
Batting: LHB Tony Ayala 0-0: Ball
1-0: Foul Ball, location: 2F
1-1: Ball
2-1: Swinging Strike
2-2: Strikes out swinging
Batting: RHB Steve Boyer 0-0: Called Strike
0-1: Ball
1-1: Ball
2-1: Ball
3-1: Fly out, F8 (Flyball, 89M)
Batting: RHB Phil Rowlett 0-0: Swinging Strike
0-1: SINGLE (Line Drive, 6M)
Batting: RHB Rob Johnston 0-0: Called Strike
0-1: Foul Ball, location: 2F
0-2: Ball
Wild Pitch!
Phil Rowlett to second
1-2: Strikes out looking
Top of the 5th over - 1 run, 2 hits, 0 errors, 1 left on base; Scottsdale 5 - Nantucket 8
BOTTOM OF THE 5TH
Nantucket Orcas batting - Pitching for Scottsdale Scorpions : RHP José Alvarado
Batting: RHB Matt Dundee 0-0: Ball
1-0: Called Strike
1-1: Ball
2-1: Swinging Strike
2-2: Fly out, F9 (Flyball, 9S)
Batting: RHB Juan Gómez 0-0: Called Strike
0-1: Ball
1-1: Foul Ball, location: 2F
1-2: Fly out, F8 (Flyball, 8LS)
Batting: RHB Paul Bell 0-0: Called Strike
0-1: Foul Ball, location: 2F
0-2: Ball
1-2: Foul Ball, location: 2F
1-2: Ball
2-2: Ground out 6-3 (Groundball, 6MD)
Bottom of the 5th over - 0 runs, 0 hits, 0 errors, 0 left on base; Scottsdale 5 - Nantucket 8
TOP OF THE 6TH
Scottsdale Scorpions batting - Pitching for Nantucket Orcas : LHP Luis Rincón
Batting: LHB Ángel De Jesús 0-0: Ball
1-0: Called Strike
1-1: Foul Ball, location: 2F
1-2: Strikes out swinging
Batting: RHB Robinson Fernández 0-0: Foul Ball, location: 2F
0-1: Ball
1-1: Called Strike
1-2: Ball
2-2: Strikes out swinging
Batting: LHB Ernesto Hernández 0-0: Ground out 6-3 (Groundball, 6M)
Top of the 6th over - 0 runs, 0 hits, 0 errors, 0 left on base; Scottsdale 5 - Nantucket 8
BOTTOM OF THE 6TH
Nantucket Orcas batting - Pitching for Scottsdale Scorpions : RHP José Alvarado
Batting: RHB Curt O'Brian 0-0: Ball
1-0: Ball
2-0: Ball
3-0: Base on Balls
Batting: RHB Norberto Navarro 0-0: Ball
1-0: Foul Ball, location: 2F
1-1: Fly out, F5 (Flyball, 5D)
Batting: RHB Charlie Pérez 0-0: Ball
1-0: Ball
2-0: Ball
3-0: Called Strike
3-1: Fly out, F4 (Popup, 4S)
Batting: RHB Demetrio Inrouville 0-0: Ball
1-0: Ball
2-0: Fly out, F7 (Flyball, 7)
Bottom of the 6th over - 0 runs, 0 hits, 0 errors, 1 left on base; Scottsdale 5 - Nantucket 8
TOP OF THE 7TH
Scottsdale Scorpions batting - Pitching for Nantucket Orcas : LHP Luis Rincón
Batting: RHB José Martínez 0-0: Ball
1-0: Ground out 6-3 (Groundball, 6S)
Batting: LHB Shawn Brown 0-0: Swinging Strike
0-1: Ball
1-1: Foul Ball, location: 2F
1-2: Foul Ball, location: 2F
1-2: Ball
2-2: Fly out, F7 (Flyball, 7S)
Batting: LHB Tony Ayala 0-0: Ball
1-0: Ball
2-0: Called Strike
2-1: SINGLE (Line Drive, 78M)
Batting: RHB Steve Boyer 0-0: Ball
1-0: Ball
2-0: Ball
3-0: Foul Ball, location: 2F
3-1: Base on Balls
Tony Ayala to second
Batting: RHB Phil Rowlett 0-0: Called Strike
0-1: Ball
1-1: Foul Ball, location: 2F
1-2: Strikes out looking
Top of the 7th over - 0 runs, 1 hit, 0 errors, 2 left on base; Scottsdale 5 - Nantucket 8
BOTTOM OF THE 7TH
Nantucket Orcas batting - Pitching for Scottsdale Scorpions : RHP José Alvarado
Batting: LHB Eugene Lee 0-0: Called Strike
0-1: Foul Ball, location: 2F
0-2: Ball
1-2: Foul Ball, location: 2F
1-2: Ball
2-2: Ball
3-2: Foul Ball, location: 2F
3-2: Foul Ball, location: 2F
3-2: Foul Ball, location: 2F
3-2: Base on Balls
Pitching: RHP José Amaya
Batting: RHB Fernando Álvarez 0-0: Called Strike
0-1: Ball
1-1: SINGLE (Groundball, 6MD)
Eugene Lee to second
Runner from 2nd tries for 3rd, OUT!
Batting: RHB Matt Dundee 0-0: SINGLE (Groundball, 34D)
Fernando Álvarez to second
Runner from 2nd tries for 3rd, SAFE, no throw
Pinch Runner at 3rd Armando Hernández:
Batting: RHB Juan Gómez 0-0: Swinging Strike
0-1: Fly out, F4 (Line Drive, 4)
Lined into DP, 4-3 (Line Drive, 4)
Bottom of the 7th over - 0 runs, 2 hits, 0 errors, 1 left on base; Scottsdale 5 - Nantucket 8
TOP OF THE 8TH
Scottsdale Scorpions batting - Pitching for Nantucket Orcas : LHP Luis Rincón
Pitching: LHP Armando Fuentes
Now at SS: Armando Hernández
Batting: RHB Rob Johnston 0-0: Ground out 6-3 (Groundball, 6)
Batting: LHB Ángel De Jesús 0-0: Called Strike
0-1: Ball
1-1: Ball
2-1: Ground out 6-3 (Groundball, 6)
Batting: RHB Robinson Fernández 0-0: Ball
1-0: Swinging Strike
1-1: Ball
2-1: Ball
3-1: Base on Balls
Batting: LHB Ernesto Hernández 0-0: Ball
1-0: 2-RUN HOME RUN (Flyball, 9LD), Distance : 342 ft
Pitching: LHP Lopes Ambar
Batting: RHB José Martínez 0-0: Called Strike
0-1: Ball
1-1: Foul Ball, location: 2F
1-2: Ground out 6-3 (Groundball, 6)
Top of the 8th over - 2 runs, 1 hit, 0 errors, 0 left on base; Scottsdale 7 - Nantucket 8
BOTTOM OF THE 8TH
Nantucket Orcas batting - Pitching for Scottsdale Scorpions : RHP José Amaya
Batting: RHB Paul Bell 0-0: Ball
1-0: Reached on error, E6 (Groundball, 6)
Pinch Hitting: LHB Dennis King 0-0: Ball
1-0: Foul Ball, location: 2F
1-1: Foul Ball, location: 2F
1-2: Strikes out swinging
Batting: RHB Norberto Navarro 0-0: Ball
1-0: Ball
2-0: Called Strike
2-1: Ball
3-1: Called Strike
3-2: Strikes out looking
Batting: RHB Charlie Pérez 0-0: Foul Ball, location: 2F
0-1: Ball
1-1: Ball
2-1: Foul Ball, location: 2F
2-2: Foul Ball, location: 2F
2-2: SINGLE (Groundball, 34S) (infield hit)
Paul Bell to second
Pinch Hitting: LHB Steve Blankenship 0-0: Swinging Strike
0-1: Called Strike
0-2: Ball
1-2: Ball
2-2: Foul Ball, location: 2F
2-2: Ball
3-2: Foul Ball, location: 2F
3-2: Foul Ball, location: 2F
3-2: Ground out 4-3 (Groundball, 34D)
Bottom of the 8th over - 0 runs, 1 hit, 1 error, 2 left on base; Scottsdale 7 - Nantucket 8
TOP OF THE 9TH
Scottsdale Scorpions batting - Pitching for Nantucket Orcas : LHP Lopes Ambar
Now at 3B: Cristián Salazar
Now in RF: Armondo Goro
Batting: LHB Shawn Brown 0-0: Ball
1-0: Foul Ball, location: 2F
1-1: Foul Ball, location: 2F
1-2: Foul Ball, location: 2F
1-2: Strikes out swinging
Batting: LHB Tony Ayala 0-0: Called Strike
0-1: Called Strike
0-2: Ball
1-2: Strikes out swinging
Batting: RHB Steve Boyer 0-0: Ball
1-0: Foul Ball, location: 2F
1-1: SINGLE (Line Drive, 4MD)
Pinch Runner at 1st Miguel Ramos:
Batting: RHB Phil Rowlett 0-0: Foul Ball, location: 2F
0-1: Called Strike
0-2: Strikes out swinging
Top of the 9th over - 0 runs, 1 hit, 0 errors, 1 left on base; Scottsdale 7 - Nantucket 8
Saturday, April 7th, 2018 - OOTP Baseball 18.8 Build 76